 Dungeon Crawl Stone Soup version 0.31.0-1-g2c135a008e (webtiles) character file.

Game seed: 13156080102270174541

43 qw the Shooter (level 3, -4/29 HPs)
             Began as a Djinni Hunter on Jan 23, 2024.
             Slain by a goblin
             ... wielding a +0 club
             ... led by Robin
              (6 damage)
             ... on level 2 of the Dungeon.
             The game lasted 00:00:03 (847 turns).

qw the Shooter (Djinni Hunter)                       Turns: 847, Time: 00:00:04

Health: -4/29      AC:  3    Str: 10    XL:     3   Next: 82%
Gold:   43         EV: 12    Int: 10    God:
                   SH:  0    Dex: 18

rFire   + + .        a - +1 shortbow
rCold   x . .        (shield currently unavailable)
rNeg    + . .        c - +0 leather armour
rPois   inf          (no helmet)
rElec   .            (no cloak)
rCorr   .            (no gloves)
SInv    .            (boots unavailable)
Will    .....        e - amulet of faith
Stlth   ++           i - ring of positive energy
HPRegen 0.24/turn    (no ring)
MPRegen 0.00/turn

%: faith, infuse magic (-5 HP)
@: flying
A: sickness immunity, fire resistance 2, cold vulnerability 1, float, innate
caster, HP casting, extra vitality 1
a: no special abilities


You were on level 2 of the Dungeon.
You visited 1 branch of the dungeon, and saw 2 of its levels.

You collected 43 gold pieces.


Innate Abilities, Weirdness & Mutations

You are immune to sickness and miasma.
You are immune to poison.
Your flesh is very heat resistant. (rF++)
You are vulnerable to cold. (rC-)
You float through the air rather than walking.
You learn spells naturally, not from books.
Your magical power is your life essence.
You have superior vitality. (+4 MHP)


   Skills:
 + Level 2.8 Fighting
 - Level 4.0 Ranged Weapons
 - Level 2.1 Dodging
 - Level 0.7 Stealth


You knew the following spells:

 Your Spells              Type           Power      Damage    Failure   Level
a - Freeze                Ice            0%         1d3       45%         1
Your spell library was empty.

Inventory:

Hand Weapons
 a - a +1 shortbow (weapon)
Armour
 c - a +0 leather armour (worn)
Jewellery
 e - an amulet of faith (around neck)
 i - a ring of positive energy (left hand)
Scrolls
 h - a scroll of identify
 j - 2 scrolls of teleportation

Dungeon Overview and Level Annotations

Branches:
Dungeon (2/15)

Altars:

Annotations:
D:2 Robin


Message History

The kobold shouts!
A goblin comes into view. It is wielding a +0 dagger.
You shoot an arrow. The goblin shouts!
The arrow hits the goblin!
You kill the goblin!
A goblin comes into view. It is wielding a +0 club.
Robin roars a battlecry!
The goblins go into a battle-frenzy!
The goblin closely misses you.
A hobgoblin comes into view.
A goblin comes into view. It is wielding a +0 club.
Robin throws the goblin at you! The hobgoblin barely misses you.
The goblin shouts!
You shoot an arrow. The arrow barely misses the hobgoblin.
The goblin hits you with a +0 club. The goblin hits you with a +0 dagger.
A goblin comes into view. It is wielding a +0 dagger.
The hobgoblin hits you.
You shoot an arrow. The arrow hits the hobgoblin.
The hobgoblin is lightly wounded.
A goblin comes into view. It is wielding a +0 club.
The goblin hits you but does no damage. The goblin hits you with a +0 club.
The hobgoblin closely misses you.
You shoot an arrow. The goblin shouts!
The arrow hits the hobgoblin!
You kill the hobgoblin!
The goblin barely misses you. The goblin hits you with a +0 club.
You shoot an arrow. The arrow barely misses the hobgoblin.
The arrow hits Robin!
Robin is severely wounded.
The goblin misses you. The hobgoblin hits you. The goblin closely misses you.
You shoot an arrow. The arrow barely misses the hobgoblin.
The goblin hits you with a +0 dagger. The goblin closely misses you.
The hobgoblin hits you. The goblin closely misses you. The goblin misses you.
The hobgoblin hits you but does no damage.
You shoot an arrow. The arrow hits the hobgoblin.
The hobgoblin is lightly wounded.
The goblin hits you with a +0 dagger. The hobgoblin hits you.
The goblin hits you with a +0 club.
You die...

#########
#.......#
#.......##
#.......).
#.........
#.........
#gKg......
#gggg.....
#@gggg...)
########..


You could see Robin, 3 hobgoblins, 6 goblins and a kobold.

Vanquished Creatures
  2 dart slugs (D:1)
  5 ball pythons (D:1)
  2 bats (D:1)
  3 endoplasms (D:1)
  2 giant cockroaches (D:1)
  2 goblins (D:2)
  4 hobgoblins
  5 jackals (D:1)
  A kobold (D:1)
  A quokka (D:1)
  2 frilled lizards (D:1)
  3 rats (D:1)
32 creatures vanquished.

Notes
Turn   | Place    | Note
-------+----------+-------------------------------------------
     0 | D:1      | qw the Djinni Hunter began the quest for the Orb.
     0 | D:1      | Reached XP level 1. HP: 18/18 MP: 0/0
     0 | D:1      | 0 ||| qw: Version: 0.3-a-134-g2ba4250
     0 | D:1      | 0 ||| qw: Game counter: 669
     0 | D:1      | 0 ||| qw: Melee chars always use a shield: true
     0 | D:1      | 0 ||| qw: God list: Okawaru
     0 | D:1      | 0 ||| qw: Allow faded altars: false
     0 | D:1      | 0 ||| qw: Do Orc after clearing Dungeon:15 true
     0 | D:1      | 0 ||| qw: Do second Lair branch before Depths: true
     0 | D:1      | 0 ||| qw: Lair rune preference: random
     0 | D:1      | 0 ||| qw: Goals: Normal
     0 | D:1      | 0 ||| PLANNING D:1-11
    58 | D:1      | Reached XP level 2. HP: 23/23 MP: 0/0
   309 | D:1      | Reached XP level 3. HP: 28/28 MP: 0/0
   309 | D:1      | Learned a level 1 spell: Freeze
   310 | D:1      | Reached skill level 4 in Ranged Weapons
   508 | D:1      | HP: 7/29 [jackal (3)]
   618 | D:1      | Noticed a shining eye
   624 | D:1      | Found a faded altar of an unknown god.
   625 | D:1      | Noticed a shining eye
   630 | D:1      | Noticed a golden eye
   639 | D:1      | Noticed an eye of devastation
   807 | D:1      | 807 ||| UPGRADING to amulet of faith.
   812 | D:1      | 812 ||| UPGRADING to ring of positive energy.
   813 | D:1      | 813 ||| READING scroll labelled HYCYRYRRER.
   814 | D:1      | 814 ||| READING scroll labelled AHIG SAOCLIVIJ.
   815 | D:1      | 815 ||| READING scroll labelled UWIDIN BOPLO.
   815 | D:1      | 815 ||| ENCHANTING +0 shortbow.
   816 | D:1      | 816 ||| READING 2 scrolls labelled LAISOENNESH.
   816 | D:1      | 816 ||| IDENTIFYING 2 scrolls labelled NYTEAX AZEO
   817 | D:1      | 817 ||| DROPPING scroll of butterflies.
   837 | D:2      | Identified the +1 helmet of Tacsuan {Dex+3}
   837 | D:2      | Noticed Robin
   838 | D:2      | 838 ||| RETREEEEATING.
   847 | D:2      | HP: 5/29 [goblin/+0 dagger[Robin] (3)]
   847 | D:2      | HP: 2/29 [hobgoblin[Robin] (3)]
   847 | D:2      | Slain by a goblin

Levels and vault maps discovered:
D:1:      dpeg_arrival_long_road, layout_loops_cross,
          hellmonk_ecumenical_altar_watching_god, st_stairs_14,
          minmay_crystal_water
D:2:      layout_basic, uniq_terence, uniq_robin

Skill      XL: |  1  2  3 |
---------------+----------+-----
Ranged Weapons | 4 |  4.0
Fighting       | |  2.8
Dodging        | |  2.1
Stealth        | |  0.7

Action                     || total
---------------------------++-------
   Fire: Shortbow          ||   109
    Use: Scroll            ||     4
 Armour: Leather armour    ||    56
  Dodge: Dodged            ||    92

Table legend:
 A = Non-vault XP
 B = Vault XP
 C = Vault XP percentage of total XP
 D = Non-vault monster count
 E = Vault monster count
 F = Vault count percentage of total count
                 A         B        C        D         E       F
            +---------+---------+-------+---------+---------+-------
      Total |      54 |       8 |  12.9 |      28 |       4 |  12.5
            +---------+---------+-------+---------+---------+-------
        D:1 |      54 |       2 |   3.6 |      28 |       1 |   3.4
        D:2 |       0 |       6 | 100.0 |       0 |       3 | 100.0
            +---------+---------+-------+---------+---------+-------
